Cogmind - Beta 14 @@@ ROGUE MODE // 2025.01.10 @ 19:28:29 Player: Iry-bot Result: Destroyed by G-47 Trooper with Particle Gun Performance ------------- Evolutions (0) 0 Regions Visited (2) 400 Robots Destroyed (25) 125 Value Destroyed (553) 553 Prototype IDs (0) 0 Alien Tech Used (0) 0 Bonus (0) 0 TOTAL SCORE: 1078 Bonus ------- None Cogmind --------- Core Integrity 0/250 Matter 277/300 Energy 84/100 System Corruption 1% Temperature Cool (9) Movement Treading (320) Ox2 Location -10/Mines Parts ------- > --- POWER (1) -------- (None) > --- PROPULSION (2) --- Light Treads Light Treads > --- UTILITY (2) ------ Heat Sink Huge Storage Unit > --- WEAPON (2) ------- Medium Laser Light Cannon > --- INVENTORY (25) --- Light Treads Light Treads Wheel Compact Wheel Sensor Array Hardened Light Armor Plating Hardened Light Armor Plating Hardened Light Armor Plating Hardened Light Armor Plating Medium Laser Grenade Launcher Datajack Mining Claw Peak State ------------ > --- POWER ------------ Ion Engine > --- PROPULSION ------- Light Treads Light Treads > --- UTILITY ---------- High-capacity Storage Unit Hardened Light Armor Plating > --- WEAPON ----------- Medium Laser Medium Laser > --- INVENTORY -------- Light Treads Light Treads Light Treads Wheel Compact Wheel Medium Laser Medium Laser Light Cannon Grenade Launcher Datajack [Rating: 9] Favorites ----------- Power Ion Engine Engine Ion Engine Propulsion Light Treads Treads Light Treads Wheel Wheel Utility High-capacity Storage Unit Device Heat Sink Storage High-capacity Storage Unit Protection Hardened Light Armor Plating Weapon Medium Laser Energy Gun Medium Laser Ballistic Gun Light Assault Rifle Ballistic Cannon Light Cannon Slashing Weapon Mining Claw Build | -11 -10 -10 ------- Run | Yrd Mat Min Slots Evolved . | . . . Power . | . . . Propulsion . | . . . Utility . | . . . Weapon . | . . . Parts Attached 23 | 7 13 3 Power 2 | 1 1 . Engine 2 | 1 1 . Core . | . . . Reactor . | . . . Propulsion 8 | 4 4 . Treads 6 | 2 4 . Leg . | . . . Wheel 2 | 2 . . Hover . | . . . Flight . | . . . Utility 5 | 1 2 2 Device 1 | . . 1 Storage 3 | 1 1 1 Processor . | . . . Hackware . | . . . Protection 1 | . 1 . Artifact . | . . . Weapon 8 | 1 6 1 Energy Gun 5 | 1 4 . Energy Cannon . | . . . Ballistic Gun 1 | . 1 . Ballistic Cannon 1 | . . 1 Launcher . | . . . Special Weapon . | . . . Impact Weapon . | . . . Slashing Weapon 1 | . 1 . Piercing Weapon . | . . . Special Melee Weapon . | . . . Unidentified Prototypes . | . . . Parts Lost 5 | . 3 2 Power 2 | . 1 1 Propulsion 1 | . 1 . Utility . | . . . Weapon 2 | . 1 1 Highest Loss Streak 2 | . 2 1 To Critical Strikes . | . . . Average Slot Usage (%) 90 | . 91 87 Engine 13 | . 14 2 Treads 27 | . 27 28 Storage 14 | . 14 14 Protection 6 | . 6 2 Energy Gun 26 | . 26 28 Peak Build Rating 9 | 5 9 9 Average Rating 7 | 3 7 7 On Entrance 4 | . 5 9 Naked Turns . | . . . Heaviest Build 85 | 12 54 85 Greatest Support 40 | 40 40 40 Greatest Overweight (x) 2 | . 2 2 Average Overweight (x) . | . . 1 Largest Inventory Capacity 25 | 8 20 25 Average Capacity 19 | 6 19 23 Most Carried 16 | 5 16 15 Average Carried 10 | 3 10 13 Final Capacity 25 | 8 20 25 Final Carried 13 | 5 13 13 Class Distribution -------------------- 100% | Mutant Dominant Class ---------------- Mutant | -10/Materials Mutant | -10/Mines Resources | -11 -10 -10 ----------- Run | Yrd Mat Min Matter Collected 383 | 130 190 63 Remotely . | . . . Salvage Created 853 | . 584 269 Parts 42 | . 36 6 Haulers Intercepted 2 | . 2 . Recyclers Shooed 2 | . 2 . Parts Field Recycled . | . . . Retrieved Matter . | . . . Parts Self-Destructed . | . . . Prevented . | . . . Kills | -11 -10 -10 ------- Run | Yrd Mat Min Combat Hostiles Destroyed 17 | . 13 4 Guns 17 | . 13 4 Classes Destroyed 6 | . 6 . Hauler 2 | . 2 . Recycler 2 | . 1 1 Operator 1 | . 1 . Watcher 3 | . 3 . Swarmer 6 | . 6 . Grunt 11 | . 7 4 Best Kill Streak 3 | . 3 3 Combat Bots Only 3 | . 3 2 Max Kills in Single Turn 2 | . 2 1 Gunslinging 1 | . 1 . Exploded . | . . . Melee . | . . . Uniques/NPCs Destroyed . | . . . Combat | -11 -10 -10 -------- Run | Yrd Mat Min Hostile Shots Fired 138 | . 115 23 Missed 35 | . 28 7 Damage Taken 1176 | . 948 228 Core 250 | . 170 80 Absorbed by Shields . | . . . Regen/Repaired (Parts) 275 | . 275 . Core Remaining (%) 100 | 100 . . Volleys Fired 92 | . 77 15 Largest 2 | . 2 2 Hottest 100 | . 100 100 Shots Fired 158 | . 128 30 Gun 156 | . 128 28 Cannon 2 | . . 2 Launcher . | . . . Special . | . . . Kinetic 15 | . 13 2 Thermal 143 | . 115 28 Explosive . | . . . Electromagnetic . | . . . Robot Hit Streak 20 | . 9 20 Robot Miss Streak 4 | . 4 2 Penetration Max . | . . . Secondary Targets 3 | . 2 1 Max Gunslinging Chain 1 | . 1 1 Shots Hit Robots 94 | . 70 24 Core Hits 48 | . 35 13 Critical Kills . | . . . Critical Parts Destroyed . | . . . Critical Strikes 11 | . 9 2 Burn 11 | . 9 2 Melee Attacks 9 | . 9 . Impact . | . . . Slashing 9 | . 9 . Piercing . | . . . Sneak Attacks . | . . . Combat Hostiles . | . . . Follow-up Attacks . | . . . Damage Inflicted 1171 | . 876 295 Guns 1124 | . 848 276 Cannons 19 | . . 19 Explosions . | . . . Melee . | . . . Ramming 28 | . 28 . Kinetic 92 | . 73 19 Thermal 1051 | . 775 276 Explosive . | . . . Electromagnetic . | . . . Impact . | . . . Slashing . | . . . Piercing . | . . . Highest Corruption 1 | . 1 1 Average Corruption 1 | . 1 1 Corruption Purged . | . . . Corruption Blocked . | . . . Effects 4 | . 3 1 Message Errors 3 | . 2 1 Matter Fused 1 | . 1 . Overload Shots . | . . . Overflow Damage . | . . . Projectiles . | . . . Explosions . | . . . Melee . | . . . Knockbacks 2 | . 1 1 Impact 1 | . 1 . Kinetic 1 | . . 1 Secondary . | . . . Self-Inflicted Damage . | . . . Shots . | . . . Rammed 13 | . 13 . Targets Rammed 13 | . 13 . Kicked . | . . . Crushed . | . . . Highest Temperature 500 | . 500 280 Average Temperature 146 | . 151 99 Received Heat Transfer 558 | . 429 129 Effects 13 | . 13 . Shutdowns 5 | . 5 . Energy Bleed 2 | . 2 . Interference 1 | . 1 . Matter Decay 1 | . 1 . Damage (major) 4 | . 4 . Siege Activations . | . . . Robots Corrupted . | . . . Combat Hostiles . | . . . Parts Fried . | . . . Impact Corruptions . | . . . Robots Melted . | . . . Combat Hostiles . | . . . Parts Melted 7 | . 4 3 Heat Transferred 3922 | . 2960 962 Parts Sabotaged . | . . . Parts Stolen . | . . . Parts Stripped . | . . . Power Chain Reactions . | . . . Alert | -11 -10 -10 ------- Run | Yrd Mat Min Peak Influence 268 | . 268 113 Initial 18 | . . 18 Average 65 | . 68 63 Maximum Alert Level 1 | . 1 . Low Security (%) 89 | 100 88 100 Level 1 10 | . 11 . Level 2 . | . . . Level 3 . | . . . Level 4 . | . . . Level 5 . | . . . High Security . | . . . Max Security . | . . . Squads Dispatched 5 | . 5 . Investigation 4 | . 4 . Extermination . | . . . Reinforcement 1 | . 1 . Assault . | . . . Garrison . | . . . Intercept . | . . . Searches Triggered . | . . . Construction Impeded . | . . . Haulers Reinforced . | . . . Active Scanning Responses . | . . . Cargo Convoy Interrupts . | . . . Stealth | -11 -10 -10 --------- Run | Yrd Mat Min Distress Signals 2 | . 2 . Communications Jammed . | . . . Distress Signals . | . . . Times Spotted 34 | . 28 6 Peak Tracking Total 4 | . 4 2 Tactical Retreats 3 | . 3 . Traps | -11 -10 -10 ------- Run | Yrd Mat Min Traps Triggered 2 | . 2 . Indirectly . | . . . Trap Hack Attempts . | . . . Triggered . | . . . Disarmed . | . . . Reprogrammed . | . . . Reused . | . . . Traps Extracted . | . . . Installed . | . . . Triggered . | . . . Machines | -11 -10 -10 ---------- Run | Yrd Mat Min Machines Disabled . | . . . Max in Single Turn . | . . . Machines Repaired . | . . . Machines Dismantled . | . . . Machines Sabotaged . | . . . Overloaded Fab Kills . | . . . Hacking | -11 -10 -10 --------- Run | Yrd Mat Min Machines Accessed 7 | . 7 . Terminals 6 | . 6 . Fabricators . | . . . Repair Stations 1 | . 1 . Recycling Units . | . . . Scanalyzers . | . . . Garrison Access . | . . . Total Hacks 32 | . 32 . Successful 17 | . 17 . Failed 15 | . 15 . Catastrophic . | . . . Database Lockouts . | . . . Manual 24 | . 24 . Terminals 25 | . 25 . Fabricators . | . . . Repair Stations 7 | . 7 . Recycling Units . | . . . Scanalyzers . | . . . Garrison Access . | . . . Terminal Hacks 3 | . 3 . Robot Analysis 2 | . 2 . Branch Access Points 1 | . 1 . Fabricator Hacks . | . . . Repair Station Hacks 6 | . 6 . Scan Component 3 | . 3 . Repair 3 | . 3 . Recycling Unit Hacks . | . . . Scanalyzer . | . . . Garrison Access Hacks . | . . . Unauthorized Hacks 8 | . 8 . Terminals 8 | . 8 . Track 2 | . 2 . Assimilate 2 | . 2 . Botnet 4 | . 4 . Fabricators . | . . . Repair Stations . | . . . Recycling Units . | . . . Scanalyzers . | . . . Garrison Access . | . . . Data Cores Recovered . | . . . Used . | . . . Hacking Detections 7 | . 7 . Full Trace Events 6 | . 6 . Feedback Events 1 | . 1 . Corruption 1 | . 1 . Feedback Blocked . | . . . Robot Schematics Acquired . | . . . Robots Built . | . . . Authchips . | . . . Time . | . . . Total Robot Build Rating . | . . . Part Schematics Acquired . | . . . Parts Built . | . . . Authchips . | . . . Time . | . . . Total Part Build Rating . | . . . Parts Repaired 3 | . 3 . Time 78 | . 78 . Parts Recycled . | . . . Recycled Matter . | . . . Retrieved Matter . | . . . Retrieved Components . | . . . Parts Scanalyzed . | . . . Part Schematics Acquired . | . . . Parts Damaged . | . . . Bothacking | -11 -10 -10 ------------ Run | Yrd Mat Min Used RIF Installer . | . . . Robots Hacked . | . . . Non-combat . | . . . Combat . | . . . Robot Hacks Applied . | . . . Relay Couplers Released . | . . . Fabnet Peak Effective % . | . . . Robots Rewired . | . . . Allies Hacked . | . . . Hacks Repelled . | . . . Allies | -11 -10 -10 -------- Run | Yrd Mat Min Total Allies . | . . . Largest Group . | . . . Highest-Rated Group . | . . . Highest-Rated Ally . | . . . Total Orders . | . . . Ally Attacks . | . . . Total Damage . | . . . Kills . | . . . Allies Corrupted . | . . . Allies Melted . | . . . Intel | -11 -10 -10 ------- Run | Yrd Mat Min Robot Analysis Total 2 | . 2 . Derelict Logs Recovered 1 | . . 1 Drone Launches . | . . . Drone Recoveries . | . . . Exploration | -11 -10 -10 ------------- Run | Yrd Mat Min Turns Passed 2628 | 79 2330 219 Spaces Moved 924 | 43 828 53 Core 1 | 1 . . Treads 919 | 38 828 53 Legs . | . . . Wheels 4 | 4 . . Hover . | . . . Flight . | . . . Fastest Speed 50 | 50 160 240 Average Speed 233 | 150 234 283 Slowest Speed 320 | 160 320 320 Overloaded Moves . | . . . Propulsion Burnouts . | . . . Robots Hopped . | . . . Cave-ins Triggered . | . . . Exploration Rate (%) 38 | 3 92 21 Regions Visited 2 Branch Regions 1 Pre-discovered Areas . | . . . Known Exits Taken 1 | . 1 . Unknown Exits Taken 1 | 1 . . Scrap Searched 1 | . . 1 Spaces Dug 4 | . 4 . Terrain Destroyed 4 | . 4 . Melee 4 | . 4 . Projectile . | . . . AOE . | . . . Terrain Rammed . | . . . Walls Destroyed . | . . . Machines Disabled . | . . . Actions | -11 -10 -10 --------- Run | Yrd Mat Min Total 1200 | 54 1055 91 Wait 115 | . 97 18 Move 922 | 42 827 53 Hop . | . . . Pick Up 19 | 4 15 . Fast Attach 13 | 6 6 1 Attach 7 | . 6 1 Detach 3 | 1 1 1 Swap 3 | 1 1 1 Drop 4 | . 3 1 Fire 92 | . 77 15 Melee 9 | . 9 . Ram . | . . . Kick . | . . . Crush 13 | . 13 . Escape Stasis . | . . . Rewire . | . . . Trap . | . . . Miscellaneous . | . . . Route ------- -11/Scrapyard -10/Materials (discovered 5 exits: [*Mat x3] / *Min x2) -10/Mines History --------- Turn | Location | Event 16 | -11/Scrapyard | Discovered new exit (range 16) 80 | -11/Scrapyard | Entered Materials 196 | -10/Materials | Discovered new exit (range 7) 306 | -10/Materials | Build established: Mutant 446 | -10/Materials | Discovered new exit (range 10) 617 | -10/Materials | Discovered new exit (range 5) 750 | -10/Materials | Discovered new exit (range 11) 1575 | -10/Materials | Repaired Lgt. Treads 1602 | -10/Materials | Repaired Lgt. Treads 1630 | -10/Materials | Repaired Lgt. Treads 1808 | -10/Materials | Discovered new exit (range 15) 1844 | -10/Materials | Identified exit to Mines 1949 | -10/Materials | Core integrity fell below 50% 2410 | -10/Materials | Entered Mines 2563 | -10/Mines | Core integrity fell below 20% 2629 | -10/Mines | Destroyed by G-47 Trooper with Particle Gun Last Messages --------------- 02487_ Found ECM Suite. 02487_ Found 36 Matter. 02489_ R-06 Scavenger collects Aluminum Leg. 02499_ Dropped Hcp. Storage Unit. 02503_ R-06 Scavenger collects Hcp. Storage Unit. 02569_ Particle Gun melted. 02569_ G-47 Trooper destroyed. 02569_ Switching to secondary target: G-34 Mercenary. 02577_ R-06 Scavenger collects Aluminum Leg. 02578_ Heat Sink melted. 02578_ G-34 Mercenary destroyed. 02581_ Com. Wheel melted. 02581_ R-06 Scavenger destroyed. 02618_ AJUED2IZFUYS06TYERK5AETY 02622_ Med. Laser destroyed. 02623_ G-47 Trooper knocked back. 02627_ G-34 Mercenary destroyed. Map ----- +----------------------------------------------------+ | ???????????????????????????????????????????????? | | ???????????????????????????????????????????????? | | ???????????????????????????????????????????????? | | ???????????????????????????????????????????????? | | ???????????????????????????????????????????????? | | ???????????????????????????????????????????????? | | ???????????????????????????????????????????????? | | ???????????????????????????????????????????????? | | ???????????????????????????????????????????????? | | ???????????????????? ??????????????????????????? | | ???????????????????? ??????????????????????????? | | ???????????????????? ??????????????????????????? | | ???????????????????? ??????????????????????????? | | ???????????????????? ??????????????????????????? | | ???????????????????? ??????????????????????????? | | ????????###????????? ???#####??????????????????? | | ???????## #????????# #??# ????????????????? | | ??????## #????????# ??# """ ""??????????????? | | ?????## ##????????# #??# """ ""??????????????? | | ????## ##????????# #??# """ ""??????????????? | | ????# ####?????# #??# ??????????????? | | ????# ##?#### #??# """ """?????????????? | | ????## ### # #### """ """ ????????????? | | ?????#|#### """!""" #?????????? | | ?????#!#??## =%%= #?????????? | | ?????#%#???#### ### ####@= =%= #?????????? | | ##???#!####???####?# #??##%g##########?????????? | | #?## ##???????# ???# #??????????????????? | | ## % #???????### ??# %#??????????????????? | | #?????????? #?# #??????????????????? | | ##???????????#?# #??????????????????? | | ### ####?????????????? ??????????????????? | | ???# #????????????????? ??????????????????? | | ????# #????????????????? #?????????????????? | | ?#### #????????????????? ?????????????????? | | ?# #????????????????? ?????????????????? | | ?# #####????????????????? ##????????????????? | | ## ##???????????????????? #?????????????????? | | ##??????????????????? ?????????????????? | | #??????????????????? ??????????????????? | | #?????????????????????????????????????? | | ####?????????????????????????????????????? | | ##????????????????????????????????????????? | | # ##?????????????????????????????????????????? | | # #??????????????????????????????????????????? | | # ##??????????????????????????????????????????? | | ####???????????????????????????????????????????? | | ???????????????????????????????????????????????? | | ???????????????????????????????????????????????? | | ???????????????????????????????????????????????? | +----------------------------------------------------+ Best States ------------- Heat Dissipation 35 Energy Generation 10 Energy Capacity 250 Matter Stores 300 Matter Capacity 300 Sight Range 16 Terrain Scan Density 10 Armor Coverage 150 Evasion (%) 42 Recoil Reduction 2 Item Schematics ----------------- None Robot Schematics ------------------ None Fabricated ------------ Nothing Alien Tech Used ----------------- None Achievements -------------- None Challenges ------------ None Game ------ Seed RainbowMiningTerrabomb Manual? 0 Play Time 00:15:41 Cumulative 29.6 hours Start 2025.01.10 @ 19:11:54 End 2025.01.10 @ 19:28:29 Sessions 1 Manual Loads 0 Difficulty Rogue Special Mode None Game No. 29 Rogue 29 Adventurer 0 Explorer 0 Win Type - Total 0 Types 0/0/0/0/0/0/0/0/0 Lore% 24 Gallery% 24 Achievement% 24 Wizard Run 0 Options --------- Layout 1 ASCII 0 Keyboard 0 Movement Mouse Keybinds 0 Fullscreen 2 Font 24/Smallcaps Map View 50x35 Zoom Use 0% Tactical HUD 1 Map Filters NONE Filters NONE Steam 1 RUN: f2c28276-38d5-4e27-8e39-ce83270e153a